 Dungeon Crawl Stone Soup version 0.31-a0-920-g28cbb04a8c (webtiles) character file.

Game seed: 10867170808842874888

45 promet the Magician (level 3, -1/3 HPs)
             Began as an Octopode Hedge Wizard on Oct 17, 2023.
             Slain by a kobold
             ... wielding a +0 dagger
              (3 damage)
             ... on level 2 of the Dungeon.
             The game lasted 00:12:23 (2060 turns).

promet the Magician (Octopode Hedge Wizard)         Turns: 2060, Time: 00:12:24

Health: -1/3       AC:  1    Str: 19    XL:     3   Next: 64%
Magic:  8/8        EV:  8    Int: 18    God:
Gold:   149        SH:  0    Dex: 11    Spells: 3/9 levels left

rFire   + + .        a - melded +0 dagger
rCold   x . .        (shield currently unavailable)
rNeg    . . .        b - melded +0 hat
rPois   +            (no amulet)
rElec   .            h - ring of see invisible
rCorr   .            (no ring)
SInv    +            (no ring)
Will    .....        (no ring)
Stlth   ++           (no ring)
HPRegen 0.20/turn    (no ring)
MPRegen 0.11/turn    (no ring)
                     (no ring)

%: no passive effects
@: dragon-form, flying
A: dragon claw, dragon scales, breathe fire, flying, reduced hp, almost no
armour, amphibious, 8 rings, giant, (camouflage 1), (gelatinous body 1), (nimble
swimmer 1), (tentacles)
a: Breathe Fire, Begin Untransformation


You were on level 2 of the Dungeon.
You were a fearsome dragon!
You visited 1 branch of the dungeon, and saw 2 of its levels.

You collected 149 gold pieces.

Inventory:

Hand Weapons
 a - a +0 dagger (melded)
 e - a +0 whip
 l - a +0 rapier
 m - a +0 glaive
Armour
 b - a +0 hat (melded)
Jewellery
 h - a ring of see invisible (left foreclaw)
Talismans
 j - a dragon-blood talisman (active)
Scrolls
 d - a scroll of acquirement {unknown}
 k - a scroll of summoning {unknown}
Potions
 c - a potion of magic
 f - a potion of cancellation {unknown}
 g - 2 potions of lignification {unknown}
 i - a potion of mutation {unknown}


   Skills:
 * Level 1.2 Fighting
 + Level 0.2 Short Blades
 + Level 2.1 Dodging
 + Level 3.3 Stealth
 + Level 3.7 Spellcasting
 + Level 1.0 Conjurations
 + Level 1.0 Summonings
 + Level 1.0 Translocations


You had 3 spell levels left.
You knew the following spells:

 Your Spells              Type           Power      Damage    Failure   Level
a - Magic Dart            Conj           24%        1d4       10%         1
b - Slow                  Hex            12%        N/A       16%         1
c - Blink                 Tloc           12%        N/A       16%         2
d - Call Imp              Summ           12%        N/A       16%         2

Your spell library contained the following spells:

 Spells                   Type           Power      Damage    Failure   Level
 Cigotuvi's Dreadful Rot  Necr/Pois/Air  6%         N/A       22%         2
 Ensorcelled Hibernation  Hex/Ice        6%         N/A       22%         2
 Jinxbite                 Hex            6%         N/A       22%         2
 Mephitic Cloud           Conj/Pois/Air  4%         N/A       36%         3
 Anguish                  Hex/Necr       1%         N/A       83%         4


Dungeon Overview and Level Annotations

Branches:
Dungeon (2/15)

Altars:


Innate Abilities, Weirdness & Mutations

You are a fearsome dragon!
You have a powerful clawing attack.
Your giant scaled body is strong and resilient, but less evasive.
You can breathe fire.
You are flying.
Your maximum health is decreased, since you lack skill for your form.
Your armour is entirely melded.
You are incapable of wielding weapons or throwing items.
You cannot wear most types of armour.
You are amphibious.
You can wear up to eight rings at the same time.
((Your skin changes colour to match your surroundings (Stealth+).))
((Your rubbery body absorbs attacks. (AC +1, EV +1)))
((You are camouflaged when in or above water. (Stealth+)))
((You have tentacles for arms and can constrict up to eight enemies at once.))


Message History

l - a +0 rapier
g - 2 lumpy puce potions (gained 1)
Found a stone staircase leading up.
There is a stone staircase leading up here.
Found 18 gold pieces.
You now have 144 gold pieces (gained 18).
Found a stone staircase leading down.
Found 5 gold pieces.
You now have 149 gold pieces (gained 5).
Found a glaive.
Found an escape hatch in the ceiling.
Found a book of Minor Magic.
Found 7 stones.
A giant cockroach comes into view.
There is an escape hatch in the ceiling here.
Found a leather armour.
You see here a +0 glaive.
m - a +0 glaive
There is an escape hatch in the ceiling here.
The helpless giant cockroach fails to defend itself.
You claw the giant cockroach!
You kill the giant cockroach!
You see here a giant cockroach corpse.
You see here a book of Minor Magic.
You see here 7 stones.
There is a stone staircase leading down here.
A kobold comes into view. It is wielding a +0 dagger.
A kobold is nearby!
A kobold comes into view. It is wielding a +0 dagger.
The kobold shouts! x2
The kobold throws a stone.
The stone hits you but does no damage.
An adder comes into view.
The kobold throws a stone.
The stone hits you. The kobold barely misses you. The kobold barely misses you.
You hit the kobold.
The kobold is heavily wounded.
The kobold hits you with a +0 dagger. The kobold closely misses you.
The kobold attacks as it pursues you! The kobold hits you with a +0 dagger.
Ouch! That really hurt!
You die...

#..### ###.#####
#..# #. #....†..##
#..# #..#.#.###<..
#.. #..#.#.###.#.
#.# #.......##.#.
#.#####S#
##.#.#.....#.
.......K#
#...:..##.##
#.#####K#
###.......#. #D#
###.(##.#. #.#
#..##.#. #.#
#..##...
#.#####.######
#..###.#
#......>.....####..#
#.#
#######.##.........#
#.. #.##.#########
### #.##.# #.##.#


You could see an adder and 2 kobolds.

Vanquished Creatures
  An adder (D:2)
  A dart slug (D:1)
  4 bats (D:1)
  2 endoplasms (D:1)
  2 giant cockroaches
  A goblin (D:1)
  3 hobgoblins (D:1)
  2 jackals (D:1)
  2 kobolds
  A ball python (D:2)
  2 rats
21 creatures vanquished.

Vanquished Creatures (collateral kills)
  An endoplasm (D:1)
  2 goblins
  A hobgoblin (D:1)
  2 kobolds (D:1)
  A quokka (D:1)
  A frilled lizard (D:1)
  A rat (D:1)
9 creatures vanquished.

Grand Total: 30 creatures vanquished

Notes
Turn   | Place    | Note
-------+----------+-------------------------------------------
     0 | D:1      | promet the Octopode Hedge Wizard began the quest for the
                  | Orb.
     0 | D:1      | Reached XP level 1. HP: 11/11 MP: 4/4
   511 | D:1      | Reached XP level 2. HP: 18/18 MP: 0/6
   515 | D:1      | Learned a level 1 spell: Slow
   518 | D:1      | Learned a level 2 spell: Blink
   521 | D:1      | Learned a level 2 spell: Call Imp
   766 | D:1      | Reached skill level 1 in Fighting
   910 | D:1      | Reached XP level 3. HP: 21/23 MP: 5/7
  2060 | D:2      | Slain by a kobold

Illustrated notes

Levels and vault maps discovered:
D:1:      dpeg_arrival_castle, layout_basic
D:2:      layout_loops_ring

Skill      XL: |  1  2 |
---------------+-------+-----
Stealth        | 3 |  3.3
Fighting       | 1 |  1.2
Short Blades   | |  0.2
Dodging        | |  2.1
Spellcasting   | |  3.7
Conjurations   | |  1.0
Summonings     | |  1.0
Translocations | |  1.0

Action                     || total
---------------------------++-------
  Melee: Dagger            ||    35
         Constrict         ||     8
         Tentacles         ||     8
         Unarmed           ||     2
   Cast: Magic Dart        ||    27
         Call Imp          ||     7
         Slow              ||     1
    Use: Scroll            ||     1
   Stab: Sleeping          ||     4
 Armour: Skin              ||    31
  Dodge: Dodged            ||    39
   Form: Dragon            ||     1

Table legend: (Time is in decaauts)
 A = Elapsed time spent in this place.
 B = Non-inter-level travel time spent in this place.
 C = Inter-level travel time spent in this place.
 D = Time resting spent in this place.
 E = Time spent auto-exploring this place.
 F = Levels seen in this place.
 G = Mean time per level.
                   A        B        C        D        E       F      G
               +--------+--------+--------+--------+--------+-----+--------+
         Total |   2059 |   2031 |     28 |    515 |    394 |   2 | 1029.5 |
       Dungeon |   2059 |   2031 |     28 |    515 |    394 |   2 | 1029.5 |
               +--------+--------+--------+--------+--------+-----+--------+

Top non-repeatable levels by time:
     D:1: 1500 daAuts
     D:2: 558 daAuts
